Map: Blueshift LE

Players

Geralt (Gerald)

  • Race: Protoss Protoss
  • League: Grandmaster
  • Spawn Location: 1:00

Lambo - Winner!

  • Race: Zerg Zerg
  • League: Grandmaster
  • Spawn Location: 7:00

VOD

Have the link to the VOD?

Description

Time

  • Played on: Jan. 12, 2019, 1:11 p.m.
  • Length: 17:10
Show
View Real Time Build Order
Export as new Build Order

Geralt Protoss 

Build Orders: 1 Gate Expand, Archon Immortal, Dark Templar Rush 

Get SALT Encoding   

  12  0:00  Probe  
  13  0:13  Probe  
  14  0:20  Pylon  
  14  0:25  Probe  
  15  0:29  Assimilator  
  15  0:34  Probe  
  15  0:42  Probe  
  16  0:44  Gateway  
  17  0:53  Probe  
  18  1:05  Probe  
  19  1:17  Probe  
  20  1:27  Nexus  
  20  1:29  Probe  
  21  1:38  Cybernetics Core  
  21  1:44  Probe  
  22  1:49  Assimilator  
  22  1:53  Pylon  
  22  1:56  Probe  
  23  2:06  Adept  
  23  2:11  Probe  
  26  2:18  Twilight Council  
  26  2:20  Warp Gate  
  26  2:23  Probe  
  26  2:24  Adept  
  29  2:37  Probe  
  29  2:41  Probe  
  30  2:49  Probe, Stalker  
  31  2:53  Probe  
  34  3:02  Robotics Facility  
  34  3:10  Probe  
  34  3:11  Probe  
  36  3:15  Gateway  
  36  3:22  Probe  
  36  3:23  Probe  
  38  3:31  Dark Shrine  
  40  3:36  Probe  
  40  3:37  Probe  
  40  3:47  Gateway  
  40  3:48  Gateway, Probe  
  40  3:49  Probe  
  40  3:50  Assimilator  
  40  3:52  Warp Prism  
  42  4:00  Probe  
  42  4:02  Pylon  
  45  4:05  Probe  
  46  4:18  Warp Prism, Probe  
  46  4:19  Probe  
  44  4:24  Assimilator  
  44  4:26  Adept x2  
  44  4:31  Probe  
  51  4:33  Probe  
  51  4:35  Pylon  
  51  4:37  Pylon  
  52  4:43  Probe  
  53  4:53  Probe  
  53  4:55  Dark Templar x3  
  53  4:57  Dark Templar  
  53  4:58  Probe  
  63  5:07  Probe  
  63  5:10  Probe, Pylon  
  63  5:12  Gateway  
  65  5:19  Probe  
  62  5:24  Probe  
  63  5:28  Dark Templar x3  
  63  5:31  Probe  
  63  5:32  Gateway  
  70  5:48  Probe  
  67  5:50  Probe  
  67  5:52  Charge  
  67  5:53  Immortal  
  66  5:57  Dark Templar  
  70  6:13  Probe  
  71  6:23  Immortal  
  71  6:24  Nexus  
  72  6:27  Pylon  
  72  6:32  Pylon  
  71  6:33  Archon, Pylon  
  71  6:34  Archon  
  71  6:36  Dark Templar  
  77  6:46  Zealot  
  79  6:49  Dark Templar x2  
  79  6:50  Dark Templar  
  79  6:53  Probe, Immortal, Zealot  
  87  6:54  Archon x2  
  91  7:13  Zealot x2  
  95  7:31  Probe  
  95  7:32  Dark Templar  
  95  7:35  Gateway, Probe  
  95  7:36  Gateway  
  103  7:37  Pylon  
  103  7:38  Dark Templar  
  103  7:39  Zealot x4, Pylon  
  103  7:41  Immortal  
  103  7:43  Probe, Archon  
  114  7:51  Probe  
  115  7:54  Pylon  
  115  7:55  Pylon x2  
  115  7:56  Pylon  
  115  8:03  Zealot x4  
  123  8:16  Zealot x2  
  123  8:17  Observer  
  126  8:31  Zealot x6  
  89  8:56  Zealot x5  
  87  9:07  Zealot x8  
  95  9:13  Immortal  
  85  9:19  Probe  
  85  9:20  Stargate  
  85  9:23  Stargate  
  76  9:33  Probe  
  77  9:48  Probe  
  77  9:50  Probe  
  77  9:51  Probe  
  80  9:54  Assimilator  
  80  9:58  Assimilator, Phoenix x2  
  75  10:00  Probe  
  75  10:01  Zealot x5  
  75  10:02  Zealot x3  
  96  10:08  Nexus  
  96  10:09  Pylon  
  96  10:12  Probe  
  101  10:21  Immortal  
  101  10:31  Phoenix x2  
  105  10:41  Dark Templar x2  
  105  10:42  Dark Templar  
  111  11:02  Dark Templar x5  
  121  11:14  Probe  
  108  11:28  Probe x2  
  94  11:40  Probe  
  94  11:44  Phoenix  
  94  11:45  Probe, Phoenix  
  94  11:46  Probe  
  99  11:52  Probe  
  96  11:58  Probe x2  
  96  12:01  Nexus  
  98  12:02  Pylon  
  98  12:04  Probe  
  99  12:09  Phoenix x2  
  99  12:10  Probe x2, Zealot x2  
  109  12:16  Probe  
  108  12:34  Phoenix x2  
  112  12:43  Probe x2  
  112  12:44  Probe  
  115  12:46  Dark Templar  
  115  12:49  Observer  
  118  12:55  Probe x2  
  120  12:59  Phoenix x2  
  124  13:19  Protoss Air Weapons Level 1, Probe x3  
  127  13:24  Phoenix x2  
  131  13:29  Stargate  
  131  13:31  Stargate, Probe  
  130  13:49  Phoenix x2  
  129  13:59  Zealot x4  
  129  14:00  Zealot  
  131  14:12  Phoenix  
  131  14:14  Probe, Phoenix x2  
  132  14:20  Phoenix  
  128  14:33  Phoenix  
  128  14:35  Phoenix  
  120  14:39  Phoenix x2  
  122  14:46  Probe x2  
  122  14:49  Assimilator  
  122  14:52  Phoenix  
  120  14:53  Assimilator  
  120  14:54  Phoenix  
  122  15:05  Nexus  
  124  15:09  Phoenix  
  126  15:15  Phoenix  
  126  15:18  Phoenix  
  126  15:29  Probe  
  127  15:37  Probe  
  127  15:40  Robotics Bay  
  127  15:41  Robotics Facility  
  116  16:03  Nexus  
  116  16:04  Probe  
  116  16:07  Robotics Bay  
  116  16:09  Robotics Facility  
  114  16:22  Dark Templar  
  114  16:26  Phoenix  
  116  16:33  Dark Templar x2  
  116  16:44  Phoenix  
  116  16:46  Probe  
Show
View Real Time Build Order
Export as new Build Order

Lambo Zerg - Winner!

Build Orders: Hatch First, Swarm Host 

Get SALT Encoding   

  12  0:01  Drone  
  13  0:15  Overlord  
  13  0:18  Drone  
  14  0:34  Drone x2  
  16  0:48  Hatchery  
  15  0:52  Drone  
  15  0:55  Drone  
  17  1:00  Drone  
  18  1:09  Extractor  
  17  1:15  Spawning Pool  
  16  1:19  Drone  
  16  1:22  Drone  
  18  1:31  Drone  
  19  1:44  Drone  
  20  1:57  Overlord  
  20  2:02  Queen x2  
  20  2:04  Zergling x4  
  26  2:12  Metabolic Boost  
  26  2:13  Drone  
  26  2:15  Drone  
  28  2:21  Drone  
  29  2:27  Drone  
  30  2:34  Drone  
  31  2:40  Hatchery  
  31  2:42  Drone  
  31  2:48  Drone  
  32  2:52  Queen  
  32  2:56  Overlord  
  34  3:00  Drone  
  34  3:04  Drone  
  36  3:15  Drone x2  
  36  3:16  Drone x2  
  40  3:24  Drone  
  40  3:25  Overlord  
  40  3:26  Drone x3  
  43  3:35  Extractor  
  43  3:36  Queen, Spore Crawler  
  44  3:42  Lair  
  44  3:43  Overlord  
  44  3:44  Drone  
  44  3:45  Extractor  
  44  3:47  Drone x2  
  46  3:51  Zergling x4  
  48  3:56  Roach Warren  
  48  3:59  Drone x2  
  49  4:05  Drone  
  49  4:07  Drone  
  51  4:11  Drone  
  51  4:15  Drone  
  51  4:17  Drone x5  
  54  4:28  Overlord, Extractor, Drone x2  
  54  4:31  Drone  
  56  4:38  Overlord  
  56  4:39  Overseer  
  56  4:40  Glial Reconstitution  
  56  4:42  Overlord  
  56  4:44  Roach x2  
  60  4:47  Overlord  
  60  4:49  Zergling x2  
  61  4:55  Roach x3  
  67  5:03  Roach  
  67  5:04  Overlord  
  67  5:06  Overlord  
  69  5:07  Roach  
  69  5:08  Overlord  
  69  5:13  Overseer  
  71  5:14  Drone x4  
  71  5:19  Drone x3  
  75  5:21  Extractor  
  75  5:22  Drone  
  75  5:25  Drone  
  76  5:32  Evolution Chamber  
  76  5:34  Roach x3  
  79  5:49  Roach x3  
  82  5:56  Queen  
  82  5:58  Infestation Pit  
  82  5:59  Overseer  
  82  6:11  Drone x2  
  82  6:12  Hatchery  
  82  6:13  Zerg Missile Weapons Level 1  
  83  6:34  Overlord  
  83  6:41  Overlord  
  83  6:43  Swarm Host x5  
  98  6:49  Swarm Host  
  98  6:51  Overlord  
  101  6:59  Extractor  
  100  7:01  Swarm Host x2  
  106  7:09  Overlord, Drone x3  
  106  7:11  Swarm Host  
  106  7:14  Overlord  
  106  7:15  Overlord  
  112  7:21  Swarm Host x2  
  118  7:32  Overlord, Swarm Host  
  118  7:34  Extractor  
  120  7:39  Drone x3  
  120  7:42  Spine Crawler  
  122  7:45  Swarm Host x2  
  122  7:48  Zergling x4  
  130  7:52  Swarm Host x2  
  130  7:57  Swarm Host  
  139  8:10  Swarm Host x2  
  139  8:11  Swarm Host  
  139  8:12  Overlord  
  147  8:14  Roach  
  147  8:15  Roach  
  147  8:18  Overlord  
  151  8:20  Roach x2  
  155  8:28  Roach  
  155  8:29  Roach x6  
  171  8:34  Roach x2  
  169  8:44  Roach x4  
  169  8:45  Roach  
  179  8:53  Roach x2  
  172  8:59  Roach x3  
  165  9:08  Roach x2  
  153  9:12  Roach  
  142  9:19  Roach  
  142  9:20  Queen  
  142  9:24  Roach  
  142  9:34  Ravager x2  
  142  9:36  Ravager x2  
  146  9:41  Roach x6  
  146  9:45  Swarm Host  
  148  9:48  Swarm Host  
  148  9:54  Swarm Host  
  148  9:58  Swarm Host  
  154  10:08  Hatchery  
  153  10:14  Roach x2  
  157  10:23  Zergling x8  
  157  10:26  Zergling x2  
  157  10:37  Ravager x2  
  157  10:40  Swarm Host x2  
  165  10:43  Roach x2  
  165  10:47  Overlord  
  168  10:52  Zergling x4  
  168  10:56  Ravager  
  168  10:57  Ravager x2  
  171  11:05  Queen  
  171  11:11  Roach x2  
  174  11:18  Hydralisk Den  
  171  11:26  Overseer x2  
  171  11:28  Spore Crawler  
  171  11:29  Spore Crawler  
  171  11:32  Swarm Host  
  140  11:50  Hydralisk x3  
  144  11:57  Hydralisk  
  146  12:05  Hydralisk x2  
  149  12:10  Muscular Augments  
  149  12:11  Drone  
  150  12:28  Hydralisk x2  
  150  12:29  Hydralisk x2  
  152  12:35  Hydralisk x2  
  154  12:40  Drone x3  
  157  12:48  Overseer x2  
  157  12:49  Overlord  
  157  12:51  Hydralisk  
  157  12:56  Hydralisk  
  161  13:01  Hydralisk  
  157  13:07  Hydralisk x2  
  161  13:13  Hydralisk x2  
  161  13:16  Hydralisk  
  163  13:24  Grooved Spines  
  163  13:31  Spore Crawler  
  163  13:32  Spine Crawler, Drone x3  
  164  13:38  Hydralisk  
  164  13:39  Hydralisk  
  168  13:42  Zergling x2  
  169  13:57  Hydralisk  
  169  13:59  Overlord  
  169  14:02  Hydralisk x4  
  157  14:10  Hydralisk  
  157  14:11  Hydralisk  
  157  14:13  Overseer  
  156  14:20  Infestor  
  158  14:29  Infestor  
  157  14:36  Hydralisk  
  151  14:44  Zergling x4  
  151  14:45  Zergling x10  
  156  14:56  Zergling x2  
  156  14:57  Zergling x2  
  156  14:59  Hydralisk  
  160  15:12  Hydralisk x3  
  166  15:25  Overseer  
  166  15:28  Overlord  
  166  15:33  Overlord  
  165  15:44  Overlord  
  165  15:45  Spawning Pool  
  165  15:46  Overlord  
  164  15:51  Hydralisk x4  
  164  15:54  Hatchery  
  171  16:26  Drone x9  
  180  16:34  Overseer x2  
  180  16:46  Hydralisk x3  
Tags
 
Add a new tag
Caveats
  • Supply blocks, unpowered buildings, or Contaminate may cause inaccurate times.
  • Supply counts are checked every 10 seconds.